 Dungeon Sprint DCSS version 0.20-a0-11-ga97c7b5 (webtiles) character file.

614 poirepourri the Fighter (level 7, -1/68 HPs)
             Began as a Demonspawn Abyssal Knight on Nov 2, 2016.
             Was a Believer of Lugonu.
             Succumbed to Sonja's curare-tipped needle
             ... in the Dungeon (Sprint I: "Red Sonja").
             The game lasted 00:02:24 (1556 turns).

poirepourri the Fighter (Demonspawn Abyssal Knight) Turns: 1556, Time: 00:02:25

Health: -1/68      AC:  6    Str: 13    XL:     7   Next: 20%
Magic:  3/10       EV: 12    Int: 14    God:    Lugonu [**....]
Gold:   297        SH:  0    Dex: 13    Spells: 0 memorised, 6 levels left

rFire  . . .     SeeInvis .     a - +1 hand axe
rCold  . . .     Gourm    .     b - +0 leather armour
rNeg   . . .     Faith    .     (no shield)
rPois  .         Spirit   +     (helmet restricted)
rElec  .         Reflect  .     (no cloak)
rCorr  .         Harm     .     (no gloves)
MR     .....     NoTele   +     (no boots)
Stlth  +.........               (no amulet)
                                (no ring)
                                (no ring)

@: lethally poisoned (-1 -> -17), slowed, drained, very slow
A: horns 1, yellow scales 2, magic shield
a: Bend Space, Renounce Religion


You were in the Dungeon.
You worshipped Lugonu.
Lugonu was pleased with you.
You were not hungry.

You visited 1 branch You collected 297 gold pieces.

Inventory:

Hand Weapons
 a - a +1 hand axe (weapon)
Armour
 b - a +0 leather armour (worn)
Wands
 h - a wand of polymorph (7/24)
Scrolls
 i - a scroll of blinking
Potions
 g - a potion of magic


   Skills:
 + Level 11.3(10.4) Fighting
 + Level 8.3(7.5) Axes
 - Level 4.6(3.9) Armour
 + Level 2.8(2.0) Dodging
 - Level 1.1(0.4) Stealth
 + Level 4.9(4.1) Invocations


You had 6 spell levels left.
You didn't know any spells.

Dungeon Overview and Level Annotations

Branches:
Dungeon (1/1)

Altars:
Cheibriados
Dithmenos
Elyvilon
Fedhas
Gozag
Hepliaklqana
Kikubaaqudgha
Makhleb
Nemelex Xobeh
Okawaru
Qazlal
Ru
Sif Muna
Trog
Uskayaw
Vehumet
Xom
Yredelemnul
Zin
The Shining One
Jiyva
Lugonu

Shops:
D (

Annotations:
D Sonja


Innate Abilities, Weirdness & Mutations

You have a pair of small horns on your head.
You are mostly covered in yellow scales. (AC +3)
When hurt, damage is shared between your health and your magic reserves.


Message History

* * * LOW HITPOINT WARNING * * *
x2 You feel very sick.
* * * LOW HITPOINT WARNING * * *
You feel very sick.
Sonja unwields an uncursed enchanted blowgun.
Sonja wields an uncursed short sword of draining.
You sense an unholy aura.
Sonja hits you with an uncursed short sword of draining.
* * * LOW HITPOINT WARNING * * *
You feel drained.
* * * LOW HITPOINT WARNING * * *
Sonja pecks you. Sonja claws you but does no damage. Sonja barely misses you.
Sonja pecks you.
* * * LOW HITPOINT WARNING * * *
Sonja claws you but does no damage.
There is an open door here.
Unknown command.
You barely miss Sonja. Your headbutt misses Sonja.
Sonja is lightly wounded.
You die...

###################
#<.#..)..#..'..#__#
#..'..#..').#..'..+
#..#####'#####'#__#
#..####..#...#(####
#..#__####..##.#
#..#_____##@#..+
#⌠⌠#_.∩...'Q(._#
####_..__##_.#'#
#_____###(#(#
#########(###


+$($+ #$($# ##(## #+# You could see Sonja the tengu.

Vanquished Creatures
  A slime creature (D)
  Sigmund (D)
  A yak (D)
  An ogre (D)
  A jelly (D)
  Ijyb (D)
6 creatures vanquished.

Vanquished Creatures (others)
  A gargoyle (D)
1 creature vanquished.

Grand Total: 7 creatures vanquished

Notes
Turn   | Place    | Note
-------+----------+-------------------------------------------
     0 | D        | poirepourri the Demonspawn Abyssal Knight began the quest for the Orb.
     0 | D        | Reached XP level 1. HP: 18/18 MP: 2/2
     2 | D        | Noticed Ijyb
    20 | D        | Killed Ijyb
    20 | D        | Reached skill level 5 in Fighting
    20 | D        | Gained mutation: You are partially covered in yellow scales. (AC +2) [demonic ancestry]
    20 | D        | Reached XP level 2. HP: 2/27 MP: 2/4
   198 | D        | Killed a gargoyle
   300 | D        | Noticed an ogre
   307 | D        | Killed an ogre
   307 | D        | Reached ** piety under Lugonu
   307 | D        | Reached skill level 7 in Fighting
   307 | D        | Reached skill level 1 in Dodging
   307 | D        | Gained mutation: You have a pair of small horns on your head. [demonic ancestry]
   307 | D        | Reached XP level 3. HP: 23/36 MP: 5/5
   307 | D        | Reached XP level 4. HP: 27/43 MP: 6/6
   522 | D        | Noticed Sigmund
   544 | D        | Killed Sigmund
   544 | D        | Reached skill level 9 in Fighting
   544 | D        | Reached skill level 1 in Stealth
   544 | D        | Gained mutation: You are mostly covered in yellow scales. (AC +3) [demonic ancestry]
   544 | D        | Reached XP level 5. HP: 15/53 MP: 6/8
   544 | D        | Gained mutation: When hurt, damage is shared between your health and your magic reserves. [demonic ancestry]
   544 | D        | Reached XP level 6. HP: 17/60 MP: 6/9
   773 | D        | Found a deep blue altar of Sif Muna.
   775 | D        | Found a radiant altar of Vehumet.
   817 | D        | Found Axzopn's Weapon Emporium.
   817 | D        | Found an ancient bone altar of Kikubaaqudgha.
   817 | D        | Found a hazy altar of Hepliaklqana.
   817 | D        | Found a stormy altar of Qazlal.
   817 | D        | Found a hide-covered altar of Uskayaw.
   817 | D        | Found a blossoming altar of Fedhas.
   817 | D        | Found a bloodstained altar of Trog.
   817 | D        | Found an iron altar of Okawaru.
   817 | D        | Found a basalt altar of Yredelemnul.
   817 | D        | Found a glowing golden altar of the Shining One.
   817 | D        | Found a snail-covered altar of Cheibriados.
   817 | D        | Found a sacrificial altar of Ru.
   817 | D        | Found a glowing silver altar of Zin.
   817 | D        | Found a shadowy altar of Dithmenos.
   817 | D        | Found a white marble altar of Elyvilon.
   817 | D        | Noticed a yak
   818 | D        | Found an opulent altar of Gozag.
   837 | D        | Killed a yak
   837 | D        | Reached skill level 10 in Fighting
   838 | D        | Found a sparkling altar of Nemelex Xobeh.
  1060 | D        | Found a burning altar of Makhleb.
  1060 | D        | Found a viscous altar of Jiyva.
  1060 | D        | Found a shimmering altar of Xom.
  1060 | D        | Found a corrupted altar of Lugonu.
  1060 | D        | Noticed a slime creature
  1375 | D        | Killed a slime creature
  1375 | D        | Reached skill level 11 in Fighting
  1375 | D        | Reached XP level 7. HP: 34/68 MP: 3/10
  1537 | D        | Noticed Sonja
  1539 | D        | Noticed Sonja
  1539 | D        | Sonja changed into Sonja the tengu
  1555 | D        | HP: 1/68 [Sonja the tengu/uncursed short sword of draining (3)]
  1556 | D        | Succumbed to Sonja's curare-tipped needle

Vault maps used:
D:        dungeon_sprint_1

Skill      XL: |  1  2  3  4  5  6 |
---------------+-------------------+-----
Fighting       | 5 7 9 11 | 11.3
Axes           | 3 4 6 8 |  8.3
Armour         | 2 3 4 |  4.6
Invocations    | 3 4 |  4.9
Dodging        | 1 2 |  2.8
Stealth        | 1 |  1.1

Action                   |  1- 3 |  4- 6 |  7- 9 || total
-------------------------+-------+-------+-------++-------
Melee: Hand axe          |    23 |    63 |     4 ||    90
       Headbutt          |       |    12 |       ||    12
Invok: Bend Space        |       |       |     1 ||     1
Evoke: Wand              |       |       |     1 ||     1
  Use: Potion            |     1 |     3 |     1 ||     5
 Stab: Sleeping          |       |     2 |       ||     2
  Eat: Bread ration      |       |     1 |       ||     1
Armor: Leather armour    |     3 |     8 |     5 ||    16
Dodge: Dodged            |    11 |    28 |     8 ||    47
